 Dungeon Crawl Stone Soup version 0.30-a0-930-gb9d0489357 (webtiles) character file.

Game seed: 14099570710484314404

52 12sPaWn12 the Trooper (level 3, -6/40 HPs)
             Began as an Ogre Berserker on Mar 23, 2023.
             Was a Believer of Trog.
             Mangled by a gnoll
             ... wielding a +0 flail
              (9 damage)
             ... on level 2 of the Dungeon.
             The game lasted 00:01:21 (1247 turns).

12sPaWn12 the Trooper (Ogre Berserker)              Turns: 1247, Time: 00:01:21

Health: -6/40      AC:  3    Str: 23    XL:     3   Next: 85%
Magic:  3/3        EV: 10    Int:  8    God:    Trog [**....]
Gold:   26         SH:  0    Dex:  8    Spells: 2/2 levels left

rFire   . . .      SeeInvis .    a - +0 mace
rCold   . . .      Faith    .    (no shield)
rNeg    . . .      Spirit   .    b - +0 animal skin
rPois   .          Reflect  .    (helmet restricted)
rElec   .          Rampage  .    (no cloak)
rCorr   .                        (gloves unavailable)
Will    .....                    (boots unavailable)
Stlth   +                        (no amulet)
HPRegen 0.26/turn                (no ring)
MPRegen 0.08/turn                (no ring)

@: about to teleport
A: large, unfitting armour, tough skin 1
a: Renounce Religion, Berserk, Trog's Hand


You were on level 2 of the Dungeon.
You worshipped Trog.
Trog was pleased with you.
You visited 1 branch of the dungeon, and saw 2 of its levels.

You collected 26 gold pieces.

Inventory:

Hand Weapons
 a - a +0 mace (weapon)
Armour
 b - a +0 animal skin (worn)
Jewellery
 e - a +6 ring of intelligence
Scrolls
 d - a scroll of identify
 f - a scroll of teleportation
Potions
 c - a potion of resistance {unknown}
 g - a potion of curing {unknown}
 h - a potion of attraction {unknown}
 i - a potion of degeneration {unknown}


   Skills:
 * Level 4.6 Fighting
 * Level 3.3 Maces & Flails
 * Level 0.6 Armour
 * Level 3.1 Dodging


You had 2 spell levels left.
You didn't know any spells.
Your spell library was empty.

Dungeon Overview and Level Annotations

Branches:
Dungeon (2/15)

Altars:
The Shining One


Innate Abilities, Weirdness & Mutations

You are too large for most types of armour.
You have tough skin. (AC +1)


Message History

A gnoll comes into view. It is wielding a +0 halberd.
The gnoll shouts! x3
The gnoll moves out of view.
The gnoll misses you. The bat closely misses you.
You closely miss the gnoll. The bat closely misses you.
The bat hits you but does no damage. x2
The gnoll hits you from afar with a +0 spear.
You hit the gnoll.
The gnoll is lightly wounded.
The bat hits you but does no damage. The gnoll closely misses you.
The gnoll hits you from afar with a +0 spear.
The bat barely misses you.
You hit the gnoll but do no damage.
The gnoll is lightly wounded.
The bat misses you. The bat barely misses you.
The gnoll hits you with a +0 flail!
The gnoll hits you from afar with a +0 spear.
The gnoll completely misses you.
The gnoll hits you from afar with a +0 halberd.
The bat attacks as you move away! The bat hits you. The bat barely misses you.
The gnoll attacks as you move away! The gnoll hits you with a +0 club.
* * * LOW HITPOINT WARNING * * *
The bat hits you but does no damage. The gnoll attacks as you move away!
The gnoll hits you with a +0 flail.
* * * LOW HITPOINT WARNING * * *
The gnoll attacks as you move away! The gnoll barely misses you.
The bat barely misses you.
There is an open door here.
As you read the scroll labelled YRUBRAETOU, it crumbles to dust.
It is a scroll of identify.
f - 2 scrolls of teleportation The gnoll hits you with a +0 flail.
* * * LOW HITPOINT WARNING * * *
The gnoll barely misses you.
As you read the scroll of teleportation, it crumbles to dust.
You feel strangely unstable. The gnoll hits you but does no damage.
The gnoll hits you from afar with a +0 spear.
* * * LOW HITPOINT WARNING * * *
The gnoll attacks as you move away! The gnoll hits you with a +0 flail!
You die...

....
..............+.......#
####
#..........####...##
#.......#.......#
##.....##.###.#.#
##.gb###.##.#..# ##g##
#.#.###.#
#g####....#..#
#g.........###
#@.#######.# .........#
#.# ##.##....# #.#
......# #.# ####...#
#.# #.#.# #.# #. .# #.#
.. ..


You could see 4 gnolls and a bat.

Vanquished Creatures
  An adder (D:2)
  2 worms (D:2)
  2 dart slugs (D:1)
  6 ball pythons
  An endoplasm (D:1)
  5 goblins
  2 hobgoblins
  4 quokkas
  2 bats
  5 frilled lizards
  2 kobolds (D:1)
  2 rats
34 creatures vanquished.

Notes
Turn   | Place    | Note
-------+----------+-------------------------------------------
     0 | D:1      | 12sPaWn12 the Ogre Berserker began the quest for the Orb.
     0 | D:1      | Reached XP level 1. HP: 24/24 MP: 1/1
    68 | D:1      | Reached XP level 2. HP: 10/32 MP: 2/2
   403 | D:1      | Reached XP level 3. HP: 39/40 MP: 3/3
   409 | D:1      | You fall into a shaft and drop 1 floor!
   603 | D:2      | Found a glowing golden altar of the Shining One.
   642 | D:2      | Reached ** piety under Trog
  1244 | D:2      | HP: 2/40 [gnoll/+0 spear (2)]
  1247 | D:2      | Mangled by a gnoll

Illustrated notes

Levels and vault maps discovered:
D:1:      saegor_arrival_fortress, layout_loops_ring,
          ebering_ecumenical_altar_webs, chequers_serial_rivers_small_b
D:2:      layout_loops_corners, basic_altar, kennysheep_minor_cross,
          supply_closet_lemuel, uniq_sigmund

Skill      XL: |  1  2 |
---------------+-------+-----
Maces & Flails | 3 |  3.3
Dodging        | 3 |  3.1
Fighting       | |  4.6
Armour         | |  0.6

Action                     || total
---------------------------++-------
  Melee: Mace              ||   116
    Use: Scroll            ||     2
 Armour: Animal skin       ||    41
  Dodge: Dodged            ||    78

Table legend: (Time is in decaauts)
 A = Elapsed time spent in this place.
 B = Non-inter-level travel time spent in this place.
 C = Inter-level travel time spent in this place.
 D = Time resting spent in this place.
 E = Time spent auto-exploring this place.
 F = Levels seen in this place.
 G = Mean time per level.
                   A        B        C        D        E       F      G
               +--------+--------+--------+--------+--------+-----+--------+
         Total |   1275 |   1275 |      0 |      0 |   1006 |   2 |  637.5 |
       Dungeon |   1275 |   1275 |      0 |      0 |   1006 |   2 |  637.5 |
               +--------+--------+--------+--------+--------+-----+--------+

Top non-repeatable levels by time:
     D:2: 850 daAuts
     D:1: 425 daAuts
